 Dungeon Crawl Stone Soup version 0.29.0-4-gdea44cf6ec (webtiles) character file.

Game seed: 3458517887887055229

104 qw the Chopper (level 4, -15/26 HPs)
             Began as a Tengu Warper on Aug 28, 2022.
             Demolished by an ogre
             ... wielding a +0 giant club
              (21 damage)
             ... on level 4 of the Dungeon.
             The game lasted 00:00:19 (3504 turns).

qw the Chopper (Tengu Warper)                       Turns: 3504, Time: 00:00:20

Health: -15/26     AC:  9    Str: 13    XL:     4   Next: 80%
Magic:  8/8        EV:  2    Int: 14    God:
Gold:   136        SH: 12    Dex: 13    Spells: 7/7 levels left

rFire   . . .      SeeInvis .   Y - +0 war axe
rCold   . . .      Faith    .   h - +0 tower shield
rNeg    . . .      Spirit   .   k - +0 chain mail
rPois   .          Reflect  .   (helmet restricted)
rElec   .          Harm     .   (no cloak)
rCorr   .          Rampage  .   l - +0 pair of gloves
Will    .....                   (boots unavailable)
Stlth   ..........              (no amulet)
HPRegen 0.08/turn               (no ring)
MPRegen 0.11/turn               (no ring)

@: no status effects
A: beak, talons 3
a: no special abilities


You were on level 4 of the Dungeon.
You visited 1 branch of the dungeon, and saw 4 of its levels.

You collected 136 gold pieces.


Innate Abilities, Weirdness & Mutations

You have a beak for a mouth.
You have claws for feet.


   Skills:
 - Level 2.0 Fighting
 - Level 4.0 Axes
 - Level 1.0 Throwing
 - Level 1.1 Armour
 - Level 2.1 Dodging
 + Level 2.9 Shields
 - Level 2.0 Spellcasting
 - Level 2.4 Translocations


You had 7 spell levels left.
You didn't know any spells.
Your spell library contained the following spells:

 Spells                   Type           Power      Damage    Failure   Level
 Blink                    Tloc           16%        N/A       100%        2
 Gell's Gravitas          Tloc           8%         N/A       100%        3
 Lesser Beckoning         Tloc           8%         N/A       100%        3
 Teleport Other           Tloc           8%         N/A       100%        3
 Manifold Assault         Tloc           8%         N/A       100%        5

Inventory:

Hand Weapons
 j - a +0 whip
 Y - a +0 war axe (weapon)
Armour
 h - a +0 tower shield (worn)
 k - a +0 chain mail (worn)
 l - a +0 pair of gloves (worn)
Scrolls
 i - a scroll of identify
Potions
 d - a potion of resistance
 f - a potion of cancellation

Dungeon Overview and Level Annotations

Branches:
Dungeon (4/15)
 Temple: D:4-7

Altars:
Cheibriados
Qazlal
Wu Jian


Message History

As you read the scroll of identify, it crumbles to dust.
b - a potion of ambrosia;
3461 ||| IDENTIFYING fizzy white potion Done exploring.
3462 ||| READING 2 scrolls of identify.
As you read the scroll of identify, it crumbles to dust.
f - a potion of cancellation
3462 ||| IDENTIFYING metallic golden potion Done exploring.
3463 ||| DROPPING potion of ambrosia.
You drop a potion of ambrosia.
You hear a splash.
Done exploring.
3464 ||| DROPPING potion of berserk rage.
You drop a potion of berserk rage.
You hear a splash.
Done exploring.
(D) Dungeon
Where to? (* - list waypoints, Enter - D:3, ? - help)
What level of the Dungeon? (default 1, ? - help)
There is a stone staircase leading down here.
You climb downwards.
There is a stone staircase leading up here.
Existing waypoints: (1) D:2 (2) D:3 Assign waypoint to what number? (0-9, D - delete waypoint) Waypoint 1 re-assigned from D:2 to D:4.
A ball python comes into view.
You hit the ball python.
You kill the ball python!
You see here a ball python corpse.
An ogre comes into view. It is wielding a +0 giant club.
The ogre shouts!
You hit the ogre. You claw the ogre. You peck the ogre.
The ogre is moderately wounded.
The ogre hits you with a +0 giant club!!
Ouch! That really hurt!
You hit the ogre.
The ogre is heavily wounded.
The ogre hits you with a +0 giant club!!
Ouch! That really hurt!
You die...

########.####+#
.........#
#######..# #%.#
####..##
#......#
#......#
#......+
#....@.#
#####O.......
#..#####. ...#
#.## #.# ...
...


You could see an ogre.

Vanquished Creatures
  3 adders
  2 worms
  2 dart slugs (D:1)
  2 orcs (D:3)
  7 ball pythons
  5 endoplasms
  4 goblins
  7 hobgoblins
  3 jackals (D:1)
  2 quokkas (D:1)
  8 bats
  3 frilled lizards
  8 kobolds
  4 rats
60 creatures vanquished.

Notes
Turn   | Place    | Note
-------+----------+-------------------------------------------
     0 | D:1      | qw the Tengu Warper began the quest for the Orb.
     0 | D:1      | Reached XP level 1. HP: 12/12 MP: 4/4
     0 | D:1      | 0 ||| qw: Version: 0.1-a-89-g26bdef1
     0 | D:1      | 0 ||| qw: Game counter: 749
     0 | D:1      | 0 ||| qw: Always use a shield: true
     0 | D:1      | 0 ||| qw: God list: Okawaru
     0 | D:1      | 0 ||| qw: Allow faded altars: false
     0 | D:1      | 0 ||| qw: Do Orc after D:15 true
     0 | D:1      | 0 ||| qw: Do second Lair branch before Depths: true
     0 | D:1      | 0 ||| qw: Lair rune preference: random
     0 | D:1      | 0 ||| qw: Plans: Normal
     0 | D:1      | 0 ||| PLANNING D:1-11
   131 | D:1      | Reached skill level 3 in Axes
   131 | D:1      | Reached XP level 2. HP: 16/17 MP: 6/6
   155 | D:1      | 155 ||| DROPPING +0 club.
   235 | D:1      | 235 ||| Stepping ~*~*~tactically~*~*~ (stealth).
   320 | D:1      | 320 ||| Stepping ~*~*~tactically~*~*~ (stealth).
   323 | D:1      | 323 ||| Stepping ~*~*~tactically~*~*~ (stealth).
   324 | D:1      | 324 ||| Stepping ~*~*~tactically~*~*~ (stealth).
   325 | D:1      | 325 ||| Stepping ~*~*~tactically~*~*~ (stealth).
   359 | D:1      | 359 ||| Stepping ~*~*~tactically~*~*~ (stealth).
   360 | D:1      | 360 ||| Stepping ~*~*~tactically~*~*~ (hiding).
   363 | D:1      | 363 ||| Stepping ~*~*~tactically~*~*~ (hiding).
   364 | D:1      | 364 ||| Stepping ~*~*~tactically~*~*~ (stealth).
   370 | D:1      | 370 ||| Stepping ~*~*~tactically~*~*~ (stealth).
   371 | D:1      | 371 ||| Stepping ~*~*~tactically~*~*~ (hiding).
   405 | D:1      | 405 ||| Stepping ~*~*~tactically~*~*~ (stealth).
   419 | D:1      | 419 ||| Stepping ~*~*~tactically~*~*~ (stealth).
   568 | D:1      | Reached XP level 3. HP: 21/21 MP: 7/7
   654 | D:1      | 654 ||| Stepping ~*~*~tactically~*~*~ (stealth).
   656 | D:1      | 656 ||| Stepping ~*~*~tactically~*~*~ (stealth).
   660 | D:1      | 660 ||| Stepping ~*~*~tactically~*~*~ (stealth).
   661 | D:1      | 661 ||| Stepping ~*~*~tactically~*~*~ (stealth).
  1025 | D:1      | 1025 ||| Stepping ~*~*~tactically~*~*~ (stealth).
  1033 | D:1      | Reached skill level 4 in Axes
  1092 | D:1      | 1092 ||| UPGRADING to +0 tower shield.
  1101 | D:1      | 1101 ||| READING scroll labelled YDDILY WETANG.
  1102 | D:1      | 1102 ||| READING scroll labelled HUNIOM MIDGHU.
  1103 | D:1      | 1103 ||| READING scroll labelled FEEBIN FAXT.
  1104 | D:1      | 1104 ||| READING 4 scrolls labelled QAFO CEFET PIA.
  1105 | D:1      | 1105 ||| READING 3 scrolls of enchant weapon.
  1105 | D:1      | 1105 ||| ENCHANTING +1 hand axe of venom.
  1106 | D:1      | 1106 ||| READING 2 scrolls of enchant weapon.
  1106 | D:1      | 1106 ||| ENCHANTING +2 hand axe of venom.
  1107 | D:1      | 1107 ||| READING scroll of enchant weapon.
  1107 | D:1      | 1107 ||| ENCHANTING +3 hand axe of venom.
  1108 | D:1      | 1108 ||| READING scroll labelled TUESAA XIPHYI.
  1109 | D:1      | 1109 ||| DROPPING scroll of blinking.
  1343 | D:2      | Reached skill level 1 in Shields
  1517 | D:2      | Reached XP level 4. HP: 16/26 MP: 8/8
  1743 | D:2      | 1743 ||| Stepping ~*~*~tactically~*~*~ (stealth).
  1856 | D:2      | 1856 ||| Stepping ~*~*~tactically~*~*~ (stealth).
  2175 | D:2      | 2175 ||| UPGRADING to +0 scale mail.
  2185 | D:2      | 2185 ||| DROPPING +0 leather armour.
  2186 | D:2      | 2186 ||| DROPPING amulet of faith.
  2187 | D:2      | 2187 ||| READING scroll labelled TOSEFF DAULE.
  2188 | D:2      | 2188 ||| READING scroll labelled USUKUL NIAREL.
  2329 | D:2      | 2329 ||| READING 2 scrolls of identify.
  2329 | D:2      | 2329 ||| IDENTIFYING murky red potion
  2359 | D:3      | 2359 ||| Stepping ~*~*~tactically~*~*~ (stealth).
  2360 | D:3      | 2360 ||| Stepping ~*~*~tactically~*~*~ (stealth).
  2419 | D:3      | 2419 ||| Stepping ~*~*~tactically~*~*~ (stealth).
  2420 | D:3      | 2420 ||| Stepping ~*~*~tactically~*~*~ (stealth).
  2437 | D:3      | 2437 ||| FLEEEEING.
  2438 | D:3      | 2438 ||| FLEEEEING.
  2446 | D:3      | 2446 ||| FLEEEEING.
  2447 | D:3      | 2447 ||| FLEEEEING.
  2448 | D:3      | 2448 ||| FLEEEEING.
  2449 | D:3      | 2449 ||| FLEEEEING.
  2453 | D:3      | 2453 ||| FLEEEEING.
  2454 | D:3      | 2454 ||| FLEEEEING.
  2455 | D:3      | 2455 ||| FLEEEEING.
  2456 | D:3      | 2456 ||| FLEEEEING.
  2457 | D:3      | 2457 ||| FLEEEEING.
  2458 | D:3      | 2458 ||| FLEEEEING.
  2459 | D:3      | 2459 ||| FLEEEEING.
  2460 | D:3      | 2460 ||| FLEEEEING.
  2461 | D:3      | 2461 ||| FLEEEEING.
  2462 | D:3      | 2462 ||| FLEEEEING.
  2463 | D:3      | 2463 ||| STAIRDANCE
  2525 | D:3      | 2525 ||| STAIRDANCE
  2768 | D:3      | 2768 ||| Stepping ~*~*~tactically~*~*~ (stealth).
  2776 | D:3      | 2776 ||| Stepping ~*~*~tactically~*~*~ (stealth).
  2812 | D:3      | Found a faded altar of an unknown god.
  2813 | D:3      | 2813 ||| SWAPPING to +0 war axe.
  2814 | D:3      | 2814 ||| DROPPING +4 hand axe of venom.
  2866 | D:3      | 2866 ||| Stepping ~*~*~tactically~*~*~ (stealth).
  2873 | D:3      | 2873 ||| Stepping ~*~*~tactically~*~*~ (stealth).
  3278 | D:3      | Found an ornate altar of the Wu Jian Council.
  3280 | D:3      | Found a stormy altar of Qazlal.
  3280 | D:3      | Found a snail-covered altar of Cheibriados.
  3337 | D:3      | 3337 ||| UPGRADING to +0 chain mail.
  3347 | D:3      | 3347 ||| DROPPING +0 scale mail.
  3348 | D:3      | 3348 ||| UPGRADING to +0 pair of gloves.
  3353 | D:3      | 3353 ||| READING scroll labelled GAHUMU QALISU.
  3356 | D:3      | 3356 ||| DRINKING 2 fuming puce potions.
  3461 | D:3      | 3461 ||| READING 3 scrolls of identify.
  3461 | D:3      | 3461 ||| IDENTIFYING fizzy white potion
  3462 | D:3      | 3462 ||| READING 2 scrolls of identify.
  3462 | D:3      | 3462 ||| IDENTIFYING metallic golden potion
  3463 | D:3      | 3463 ||| DROPPING potion of ambrosia.
  3464 | D:3      | 3464 ||| DROPPING potion of berserk rage.
  3497 | D:4      | Noticed an ogre
  3503 | D:4      | HP: 6/26 [ogre/+0 giant club (20)]
  3504 | D:4      | Demolished by an ogre

Levels and vault maps discovered:
D:1:      lightli_molten_gateway, layout_loops_ring, minmay_crystal_room,
          minmay_strange_pillars
D:2:      layout_loops_ring
D:3:      layout_basic, gammafunk_temple_overflow_forgotten,
          chequers_ecumenical_altar_island
D:4:      layout_basic, okawaru_altar_gauntlet_db, kennysheep_mini_moat,
          nicolae_hepliaklqana_hazy_memory, serial_shops, shop_fountains,
          nicolae_shop_waterfront, nicolae_square_shop,
          nicolae_shop_advertising_works [nicolae_subvault_shop_adworks],
          nicolae_shop_behind_doors, minmay_diced_spiral, uniq_robin,
          uniq_blork_the_orc

Skill      XL: |  1  2  3  4 |
---------------+-------------+-----
Axes           | 3 4 |  4.0
Shields        | 1 2 |  2.9
Fighting       | |  2.0
Throwing       | |  1.0
Armour         | |  1.1
Dodging        | |  2.1
Spellcasting   | |  2.0
Translocations | |  2.4

Action                   |  1- 3 |  4- 6 || total
-------------------------+-------+-------++-------
Melee: Hand axe          |    66 |    46 ||   112
       Kick              |    19 |    11 ||    30
       Peck              |     9 |     9 ||    18
       War axe           |       |    17 ||    17
Throw: Boomerang         |     7 |       ||     7
  Use: Scroll            |     8 |     6 ||    14
       Potion            |       |     1 ||     1
Armor: Leather armour    |    14 |     8 ||    22
       Scale mail        |       |    12 ||    12
Dodge: Dodged            |    19 |    16 ||    35
Block: Tower shield      |     7 |    34 ||    41

Table legend:
 A = Non-vault XP
 B = Vault XP
 C = Vault XP percentage of total XP
 D = Non-vault monster count
 E = Vault monster count
 F = Vault count percentage of total count
                 A         B        C        D         E       F
            +---------+---------+-------+---------+---------+-------
      Total |     149 |       0 |   0.0 |      60 |       0 |   0.0
            +---------+---------+-------+---------+---------+-------
        D:1 |      46 |       0 |   0.0 |      26 |       0 |   0.0
        D:2 |      56 |       0 |   0.0 |      17 |       0 |   0.0
        D:3 |      45 |       0 |   0.0 |      16 |       0 |   0.0
        D:4 |       2 |       0 |   0.0 |       1 |       0 |   0.0
            +---------+---------+-------+---------+---------+-------
